Map: Lightshade LE

Players

LiquidClem (Clem)

  • Race: Terran Terran
  • Spawn Location: 5:00

Dream - Winner!

  • Race: Terran Terran
  • Spawn Location: 11:00

Event: Cheeseadelphia Winter Championship 2021

VOD

Have the link to the VOD?

Description

Time

  • Played on: Jan. 23, 2021, 5:41 p.m.
  • Length: 12:17

All games in this series

Show
View Real Time Build Order
Export as new Build Order

LiquidClem Terran 

Build Orders:  

Get SALT Encoding   

  12  0:00  SCV  
  13  0:12  SCV  
  14  0:17  Supply Depot  
  14  0:24  SCV  
  15  0:38  SCV  
  15  0:39  Barracks  
  16  0:43  Refinery  
  16  0:50  SCV  
  16  0:52  Refinery  
  17  1:02  SCV  
  18  1:14  SCV  
  19  1:26  Reaper  
  19  1:27  Supply Depot, Orbital Command  
  20  1:40  Factory  
  20  1:53  SCV  
  21  1:58  Reaper  
  22  2:05  SCV  
  23  2:15  Command Center  
  23  2:18  SCV  
  24  2:24  Hellion  
  25  2:30  SCV, Reaper  
  27  2:42  Supply Depot, SCV  
  28  2:45  Hellion  
  28  2:50  Starport  
  30  2:54  SCV  
  31  3:07  SCV  
  31  3:08  Barracks Reactor, Factory Tech Lab  
  32  3:19  SCV  
  32  3:29  Cyclone, Starport Tech Lab  
  32  3:31  SCV  
  32  3:33  Refinery  
  36  3:42  Orbital Command  
  36  3:44  SCV  
  36  3:45  Marine x2  
  37  3:56  SCV  
  37  3:57  Raven  
  40  4:03  Marine x2  
  40  4:07  SCV  
  40  4:08  SCV  
  44  4:13  Siege Tank  
  47  4:20  SCV  
  48  4:24  SCV  
  48  4:26  Command Center  
  48  4:30  Supply Depot  
  49  4:33  SCV  
  49  4:37  SCV  
  51  4:40  Raven, Marine  
  54  4:52  SCV x2, Marine  
  57  4:54  Supply Depot  
  57  4:56  Siege Tank  
  60  5:00  Supply Depot  
  60  5:01  Marine  
  60  5:06  SCV  
  62  5:11  Supply Depot  
  62  5:15  Supply Depot  
  62  5:16  SCV  
  62  5:18  SCV  
  65  5:21  Refinery  
  65  5:28  Siege Tank, SCV  
  68  5:35  Marine, Viking x2  
  73  5:41  Orbital Command  
  73  5:45  SCV  
  73  5:46  SCV  
  73  5:48  Stimpack  
  73  5:57  SCV  
  73  5:58  SCV  
  73  6:03  Siege Tank, Marine  
  75  6:08  SCV  
  75  6:10  SCV x2, Viking  
  80  6:14  Viking  
  82  6:21  Marine  
  82  6:22  SCV x2  
  82  6:24  Orbital Command  
  82  6:25  Supply Depot  
  86  6:31  Barracks  
  85  6:33  Barracks  
  85  6:34  SCV x2  
  85  6:36  Siege Tank  
  85  6:39  Supply Depot  
  90  6:46  SCV x2  
  92  6:47  Viking  
  92  6:50  SCV  
  92  6:52  Viking  
  97  6:58  SCV x2, Marine  
  97  7:03  SCV  
  98  7:10  SCV x2  
  98  7:11  Siege Tank  
  98  7:15  SCV  
  100  7:16  Marine  
  100  7:17  Supply Depot  
  100  7:22  Barracks Reactor, Barracks Tech Lab, SCV x2  
  102  7:27  SCV  
  102  7:31  Viking x2  
  102  7:34  Barracks Reactor, SCV  
  102  7:35  SCV  
  108  7:39  SCV  
  108  7:40  Marine  
  108  7:41  Supply Depot  
  107  7:46  SCV  
  107  7:47  SCV  
  107  7:51  SCV  
  110  7:57  Marine  
  111  7:58  SCV  
  111  8:00  Barracks x2, Marine x2  
  111  8:01  Siege Tank  
  117  8:09  Combat Shield, SCV  
  117  8:11  Marine x2  
  117  8:12  SCV  
  121  8:15  Marine  
  121  8:17  Medivac x2  
  121  8:18  SCV, Marine  
  126  8:22  Supply Depot, Marine  
  126  8:25  SCV  
  128  8:29  SCV, Marine x2  
  128  8:31  SCV, Refinery x2  
  128  8:33  Marine  
  133  8:35  Marine  
  133  8:40  Marine  
  125  8:42  Siege Tank  
  125  8:43  SCV  
  125  8:45  SCV  
  125  8:46  SCV  
  125  8:47  Marine x2  
  123  8:48  Barracks Reactor x2  
  123  8:50  Medivac  
  123  8:51  Marine  
  123  8:53  Marine  
  125  8:55  SCV  
  126  9:04  Marine x3  
  126  9:08  Medivac  
  126  9:09  Command Center, Marine  
  127  9:15  Engineering Bay  
  127  9:17  Engineering Bay, Siege Tank  
  127  9:18  Marine  
  131  9:28  Marine x2  
  131  9:31  Marine x5  
  115  9:32  Medivac  
  115  9:33  Marine  
  115  9:37  Marine  
  117  9:49  Siege Tank, Marine x5  
  117  9:52  Factory, Marine x2  
  119  9:55  Medivac  
  119  9:57  Marine x2  
  121  10:01  Supply Depot  
  121  10:02  Terran Infantry Armor Level 1, Terran Infantry Weapons Level 1  
  121  10:06  Marine x2  
  123  10:09  Marine  
  123  10:12  Marine  
  123  10:13  Marine x3  
  119  10:15  Medivac, Marine x2  
  122  10:21  Siege Tank  
  122  10:24  Sensor Tower, Marine  
  122  10:25  Marine  
  122  10:27  Marine  
  128  10:30  Marine x3  
  128  10:32  SCV x2  
  128  10:33  SCV  
  128  10:34  Armory  
  134  10:36  Sensor Tower, Marine x2  
  134  10:42  Marine  
  137  10:48  Marine x2  
  137  10:49  Marine  
  140  10:50  Liberator  
  140  10:51  Siege Tank  
  140  10:52  Barracks Reactor  
  140  10:53  Liberator  
  140  10:54  Marine  
  150  10:58  Siege Tank  
  150  11:01  Planetary Fortress  
  152  11:09  Marine  
  152  11:10  Marine x2  
  152  11:11  Marine x2  
  124  11:12  Marine x2  
  124  11:14  Marine  
  125  11:23  Siege Tank  
  128  11:27  Marine  
  128  11:28  Marine x3  
  128  11:29  Marine  
  128  11:30  Siege Tank, Marine x2  
  128  11:32  Marine  
  130  11:35  Marine x2  
  130  11:38  SCV  
  123  11:45  Marine  
  123  11:46  Marine x3  
  126  11:53  Marine x2  
  129  12:03  Barracks x2  
Show
View Real Time Build Order
Export as new Build Order

Dream Terran - Winner!

Build Orders: Cyclone Opening 

Get SALT Encoding   

  12  0:01  SCV  
  13  0:13  SCV  
  14  0:17  Supply Depot  
  14  0:25  SCV  
  15  0:38  SCV  
  15  0:40  Barracks  
  16  0:42  Refinery  
  16  0:50  SCV  
  16  0:52  Refinery  
  17  1:03  SCV  
  18  1:15  SCV  
  19  1:27  Orbital Command, Reaper  
  19  1:28  Supply Depot  
  20  1:40  Factory  
  20  1:53  SCV  
  21  1:59  Reaper  
  22  2:05  SCV  
  23  2:17  SCV  
  23  2:19  Command Center  
  24  2:24  Factory Tech Lab  
  24  2:29  SCV  
  25  2:36  Marine  
  26  2:39  Starport  
  26  2:41  SCV  
  26  2:46  Cyclone  
  29  2:53  SCV  
  29  2:55  Barracks Tech Lab  
  29  2:57  Supply Depot  
  30  3:06  SCV  
  30  3:18  SCV  
  30  3:30  Raven, SCV  
  33  3:35  Refinery  
  33  3:42  SCV  
  33  3:43  Command Center  
  31  3:54  SCV  
  31  3:55  Siege Tank  
  34  4:02  Barracks Reactor  
  34  4:05  Orbital Command  
  34  4:09  SCV  
  35  4:21  SCV  
  36  4:31  SCV  
  37  4:33  SCV  
  37  4:34  Raven  
  40  4:38  Marine x2  
  40  4:43  SCV  
  40  4:45  SCV  
  44  4:50  Refinery  
  44  4:51  Siege Tank  
  47  4:55  SCV  
  47  4:56  Orbital Command  
  47  4:57  SCV, Marine  
  50  5:07  SCV  
  50  5:09  SCV  
  52  5:14  Engineering Bay  
  52  5:17  Engineering Bay  
  52  5:19  Raven, SCV  
  55  5:21  SCV  
  55  5:27  SCV  
  55  5:28  Barracks Tech Lab  
  57  5:31  SCV  
  57  5:32  Siege Tank  
  57  5:33  SCV  
  62  5:39  SCV  
  62  5:42  Terran Infantry Weapons Level 1  
  63  5:43  SCV  
  63  5:45  SCV  
  63  5:48  Marine  
  65  5:50  Terran Infantry Armor Level 1  
  65  5:51  SCV  
  65  5:56  Barracks  
  66  5:57  SCV  
  66  5:58  SCV  
  66  6:02  Barracks  
  68  6:07  Stimpack  
  69  6:11  Supply Depot, SCV  
  69  6:13  Supply Depot  
  69  6:25  Barracks, Supply Depot x2  
  69  6:26  Barracks  
  69  6:30  SCV, Viking  
  69  6:31  Viking  
  69  6:32  SCV  
  75  6:34  SCV  
  75  6:38  Siege Tank  
  79  6:44  SCV x2  
  79  6:45  Barracks Reactor  
  81  6:48  Marine  
  81  6:49  Supply Depot  
  81  6:54  Orbital Command  
  82  6:59  Barracks Reactor  
  82  7:02  SCV x2  
  82  7:06  Marine  
  82  7:07  Refinery  
  85  7:09  Viking  
  85  7:11  Refinery, Siege Tank, Viking  
  85  7:14  SCV x2  
  92  7:18  Barracks Reactor x2  
  92  7:20  Armory  
  92  7:22  SCV  
  92  7:24  Marine x2  
  94  7:34  Missile Turret, SCV  
  94  7:35  Missile Turret, SCV  
  96  7:39  SCV, Marine x2  
  96  7:43  Siege Tank, Viking  
  101  7:50  SCV x2  
  103  7:52  Marine x3  
  103  7:54  Marine  
  103  7:55  Marine x3  
  103  7:57  Marine  
  111  8:02  SCV x2  
  111  8:03  Combat Shield  
  111  8:05  Medivac  
  115  8:10  SCV  
  116  8:14  SCV  
  117  8:22  Supply Depot  
  117  8:29  Terran Infantry Weapons Level 2  
  117  8:31  Supply Depot  
  117  8:37  Marine x2  
  117  8:38  Marine x4  
  117  8:39  Marine x2  
  117  8:40  Marine  
  116  8:41  Medivac x2  
  108  8:51  Siege Tank  
  108  8:55  Marine x2  
  108  8:56  Marine x4  
  108  8:57  Terran Infantry Armor Level 2, Marine x3  
  109  9:12  Marine x2  
  109  9:13  Marine  
  109  9:14  Medivac x2, Marine x3  
  109  9:15  Marine x3  
  119  9:22  SCV  
  120  9:30  Marine x2  
  99  9:31  Marine x3  
  99  9:32  Marine x2  
  99  9:33  Marine  
  99  9:35  Siege Tank  
  99  9:36  Marine  
  99  9:38  Command Center  
  107  9:48  Marine x2  
  107  9:49  Marine x4  
  107  9:50  Marine  
  107  9:51  Marine  
  107  9:52  Medivac x2  
  113  9:54  Marine  
  113  9:59  Missile Turret  
  114  10:06  SCV x2, Marine x2  
  116  10:07  Siege Tank, Marine x4  
  116  10:08  Marine  
  116  10:11  Marine  
  116  10:12  Marine  
  117  10:24  Marine  
  117  10:25  Marine x2  
  120  10:32  Sensor Tower  
  120  10:35  SCV x2  
  122  10:38  Marine x5  
  122  10:39  Marine  
  128  10:47  SCV x3  
  131  10:50  Marine x3  
  134  10:59  SCV x2  
  134  11:00  SCV  
  134  11:01  Marine x4  
  140  11:04  Marine x2  
  140  11:07  Marine  
  140  11:08  Marine x2  
  128  11:11  SCV x2  
  128  11:14  SCV  
  130  11:19  Marine x2  
  130  11:22  Marine x2  
  130  11:23  SCV x2, Marine  
  137  11:27  SCV  
  137  11:29  Marine x4  
  130  11:35  SCV  
  130  11:36  SCV  
  130  11:37  Marine x2  
  131  11:40  Marine x2  
  131  11:41  Marine  
  131  11:42  Siege Tank  
  135  11:47  Marine  
  135  11:48  Marine x3  
  135  11:53  SCV x2  
  141  11:54  Marine  
  141  11:55  Marine  
  141  11:57  Marine  
  141  11:58  Marine x2  
  146  12:04  SCV  
Tags
 
Add a new tag
Caveats
  • Supply blocks, unpowered buildings, or Contaminate may cause inaccurate times.
  • Supply counts are checked every 10 seconds.